[Event "87th Tata Steel Masters 2025"]
[White "Mendonca,Leon Luke"]
[Black "Erigaisi,Arjun Kumar"]
[Site "Wijk aan Zee"]
[Round "5.1"]
[Annotator "TA"]
[Result "1/2-1/2"]
[Date "2025.01.22"]
[WhiteElo "2639"]
[BlackElo "2801"]
[PlyCount "60"]
[TimeControl "60"]

1. d4 Nf6 2. c4 e6 3. Nf3 c5 4. d5 b5 5. Bg5 exd5 6. cxd5 h6 7. Bxf6 Qxf6 8. Qc2 g5 (8... Be7 $11 {keeps the balance.} )9. Nc3 $16 Bg7 10. Nxb5 Na6 {[%emt 0:0:22][%cal Ya8b8,Yb8a6,Ya6c7,Yc7b5][%mdl 32] Prevents Nc7+.} 11. e3 O-O {[%emt 0:4:37] [#]} 12. a3 $1 {[%emt 0:2:27] Prevents Nb4. White is more active.} d6 13. Bd3 Bd7 14. Nc3 Nc7 15. O-O Rab8 16. Nd2 Qe7 17. e4 a6 18. Rab1 Nb5 19. Ne2 Kh8 20. Nc4 Nd4 21. Nxd4 Bxd4 22. Na5 Rb6 23. Nc4 Rbb8 24. Na5 Rb6 $1 25. b3 Qf6 26. Kh1 Rfb8 27. Nc4 R6b7 28. Na5 Rb6 29. Nc4 R6b7 30. Na5 Rb6 1/2-1/2

[Event "87th Tata Steel Masters 2025"]
[White "Wei,Yi"]
[Black "Harikrishna,Pentala"]
[Site "Wijk aan Zee"]
[Round "5.2"]
[Annotator "TA"]
[Result "1/2-1/2"]
[Date "2025.01.22"]
[WhiteElo "2751"]
[BlackElo "2695"]
[PlyCount "44"]
[TimeControl "60"]

1. e4 e6 2. d4 d5 3. Nc3 Nf6 4. e5 Nfd7 5. f4 c5 6. Nf3 Nc6 7. Be3 a6 8. Qd2 b5 9. h4 Bb7 10. Bd3 b4 {[%emt 0:6:49] Hoping for ...cxd4.} 11. Na4 Nxd4 12. Nxd4 cxd4 13. Bxd4 Bc6 14. b3 Bxa4 15. bxa4 Bc5 16. Bxc5 Nxc5 17. Qxb4 Nxd3+ 18. cxd3 {[%emt 0:0:4] and Rb1 should not be overlooked} Rb8 19. Qc5 Rc8 20. Qb4 Rb8 21. Qc5 Rc8 22. Qb4 Ra8 (22... Rb8 $11 {keeps the balance.} 23. Qc5 )1/2-1/2

[Event "87th Tata Steel Masters 2025"]
[White "Fedoseev,Vladimir"]
[Black "Caruana,Fabiano"]
[Site "Wijk aan Zee"]
[Round "5.3"]
[Annotator "TA"]
[Result "1-0"]
[Date "2025.01.22"]
[WhiteElo "2717"]
[BlackElo "2803"]
[PlyCount "119"]
[TimeControl "60"]

1. d4 d5 2. c4 e6 3. Nf3 Nf6 4. Nc3 Bb4 5. Bg5 h6 6. Bxf6 Qxf6 7. Qa4+ Nc6 8. e3 O-O 9. Be2 dxc4 10. O-O Qe7 11. Bxc4 Na5 12. Bd3 Bxc3 13. bxc3 b6 14. Qb4 Qd6 15. Rfd1 Bb7 16. Rac1 Rac8 17. Qxd6 cxd6 18. Nd2 Rc7 19. Rc2 Rfc8 20. Rdc1 Kf8 21. f3 Ke7 22. e4 g5 23. Kf2 e5 24. Nf1 exd4 25. cxd4 Rxc2+ 26. Rxc2 Rxc2+ 27. Bxc2 Bc8 28. Bd3 Nc6 29. Ke3 a6 30. Nd2 b5 31. Nb3 d5 32. Nc5 Kd6 33. Bc2 (33. a4 $14 {deserves consideration.} )Ne5 34. Bb3 (34. dxe5+ Kxc5 35. exd5 Kxd5 36. Bb3+ Kxe5 37. Bxf7 a5 $15 )Nc4+ 35. Kd3 Nb6 36. Kc3 ({White should try} 36. a4 $1 $14 )a5 $11 37. a3 f6 38. Ba2 Kc6 39. g3 Bh3 40. Nb3 Na4+ 41. Kc2 Bg2 (41... dxe4 $11 {remains equal.} 42. fxe4 Kb6 )42. e5 $1 $16 (42. Nxa5+ $6 Kb6 43. e5 (43. Nb3 dxe4 44. fxe4 Bxe4+ 45. Kd2 Bd5 $11 )fxe5 $11 (43... Kxa5 44. exf6 Nb6 45. f7 $15 ))fxe5 43. dxe5 b4 (43... Kb6 $16 )44. Nd4+ $18 (44. Nxa5+ Kb5 )Kc5 45. e6 $1 Kd6 (45... Kxd4 $2 46. e7 $18 )46. axb4 axb4 47. Bxd5 $1 Bf1 (47... Kxd5 48. e7 Kxd4 (48... b3+ $2 49. Nxb3 Nc5 50. Nxc5 $18 )49. e8=Q $18 (49. e8=R $2 Kc4 $19 ))(47... Bh3 $142 )48. Bb3 $18 Nc5 49. Nf5+ Ke5 50. e7 (50. Nxh6 Nxb3 51. Ng4+ (51. Kxb3 Kxe6 52. Kxb4 Be2 $14 )Kxe6 52. Kxb3 Be2 $11 )Bd3+ 51. Kd2 Bb5 52. Bc4 (52. Nxh6 Nxb3+ 53. Kc2 Nd4+ 54. Kc1 Ke6 $19 (54... Nxf3 $2 55. h4 $19 ))Ba4 53. Ng7 $1 (53. Nxh6 Kf6 54. Ng8+ Kg7 $18 )g4 {[%emt 0:0:0] [#]} (53... Kd4 $142 54. Bf7 (54. e8=R Bxe8 55. Nxe8 Kxc4 $15 )b3 )54. f4+ $1 $18 ({And not} 54. e8=N gxf3 55. Nc7 Ne4+ 56. Kc1 (56. Ke3 f2 $11 )f2 $11 )({Weaker is} 54. e8=Q+ Bxe8 55. Nxe8 gxf3 $16 )(54. fxg4 Ne4+ 55. Kd3 Nd6 $18 )Kd4 55. Bf7 (55. e8=Q Bxe8 56. Nxe8 Ne4+ (56... Kxc4 57. f5 $11 )57. Kc2 Kxc4 $11 )Ne4+ 56. Ke1 Kc3 57. e8=Q Bxe8 58. Nxe8 b3 59. Bxb3 Kxb3 {[%emt 0:0:0] [#]} 60. Ke2 $1 1-0

[Event "87th Tata Steel Masters 2025"]
[White "Warmerdam,Max"]
[Black "Praggnanandhaa,Rameshbabu"]
[Site "Wijk aan Zee"]
[Round "5.4"]
[Annotator "TA"]
[Result "1/2-1/2"]
[Date "2025.01.22"]
[WhiteElo "2646"]
[BlackElo "2741"]
[PlyCount "79"]
[TimeControl "60"]

1. e4 e6 2. d4 d5 3. exd5 exd5 4. Nf3 Nc6 5. Nc3 Nf6 6. Bb5 Bb4 7. O-O O-O 8. Bxc6 bxc6 9. Ne5 Bxc3 10. bxc3 Ne4 11. Re1 (11. f3 $5 Nd6 12. Nxc6 $14 )f6 12. Nxc6 Qd7 13. Nb4 a5 {[%emt 0:1:17][%cal Ye4c3] White must now prevent ...Nxc3!.} 14. Nd3 Nxc3 15. Qf3 Ne4 16. Ba3 Re8 17. Nc5 {[%emt 0:0:44] Prevents Qa4.} Qf5 18. c4 Be6 19. Nxe4 Qxf3 20. gxf3 dxe4 21. fxe4 Bxc4 22. Rac1 Bxa2 23. Rxc7 f5 24. f3 fxe4 25. fxe4 Ra6 26. Re2 Bf7 27. Kf2 Rf6+ 28. Ke1 Rfe6 29. e5 Rg6 30. Rf2 Bb3 31. Kd2 h6 32. Rf3 a4 33. Rg3 Rxg3 34. hxg3 $11 {[%emt 0:0:1][%mdl 4096] Endgame KRB-KRB} Re6 35. Ke3 {[%emt 0:2:13] Ke4 is the strong threat.} Rg6 36. Kf2 Rg4 37. Rd7 Re4 38. Bb4 Bd1 39. Bc5 Re2+ 40. Kf1 1/2-1/2

[Event "87th Tata Steel Masters 2025"]
[White "Van Foreest,Jorden"]
[Black "Abdusattorov,Nodirbek"]
[Site "Wijk aan Zee"]
[Round "5.5"]
[Annotator "TA"]
[Result "0-1"]
[Date "2025.01.22"]
[WhiteElo "2680"]
[BlackElo "2768"]
[PlyCount "94"]
[TimeControl "60"]

1. e4 c6 2. d4 d5 3. e5 Bf5 4. c4 e6 5. Nc3 Bb4 6. Nge2 Ne7 7. a3 Ba5 8. b4 Bc7 9. Ng3 Bg6 ({Black should play} 9... a5 $11 10. b5 a4 )10. h4 h6 11. h5 Bh7 12. Qg4 Rg8 13. Be2 dxc4 14. Bxc4 Nd7 15. O-O Nf5 16. Be3 Qe7 17. b5 {[%emt 0:6:2] And now bxc6 would win.} c5 $1 18. Nxf5 Bxf5 19. Qf3 O-O-O 20. Nd5 {[%emt 0:15:56] Dodges Nb6} exd5 21. Bxd5 {[%emt 0:0:0] [#]} Kb8 $1 {[%emt 0:10:55][%cal Yc5d4] aiming for ...cxd4!.} 22. Qxf5 {[%emt 0:0:54] [#]} Nxe5 $1 23. dxe5 Rxd5 24. f4 Rgd8 25. Qe4 (25. Bf2 $15 )f6 $17 26. a4 fxe5 27. a5 Qe8 28. b6 axb6 29. axb6 Bxb6 30. fxe5 Bc7 (30... Qxh5 $2 31. e6 Re5 32. Qf4 $16 )(30... Qxe5 $2 31. Bf4 c4+ 32. Kh1 $18 )31. Bf4 (31. e6 $17 {was the only defense.} Re5 (31... Rxh5 $2 32. Bf4 $18 )(31... Qxh5 $2 32. e7 $16 )32. Qf3 )Rd4 $1 $19 (31... Bxe5 $2 {loses.} 32. Rfe1 (32. Rae1 b5 $18 )Qxh5 33. Bxe5+ Qxe5 34. Qxe5+ Rxe5 35. Rxe5 $18 )(31... Qxh5 32. e6 Bxf4 33. Qxf4+ Qe5 34. e7 $16 )32. Qe2 $2 {[%emt 0:7:14] [#]} (32. Qe3 Rxf4 (32... Qxh5 33. Bg3 $17 )33. Qxf4 Bxe5 (33... Qxh5 34. Qa4 $14 )34. Qf3 Bd4+ 35. Kh1 Bxa1 36. Rxa1 )Rxf4 $1 33. Rxf4 Qxe5 34. Qa2 Qe3+ {[%emt 0:0:0] White is weak on the dark squares} ({And not} 34... Qxf4 35. Qa8# )35. Rf2 {[%emt 0:0:7] [#]} Bg3 $1 {[%emt 0:0:0] Active counter play!} 36. Qa8+ Kc7 37. Qa5+ b6 38. Qa7+ Kc6 39. Qa4+ b5 40. Qa6+ Kd5 41. Qb7+ Kc4 42. Qf7+ Rd5 43. Raa2 Bxf2+ 44. Rxf2 Qd4 45. Kh2 Qe5+ 46. Kg1 Kb4 (46... Qxh5 $2 47. Rf4+ Kb3 48. Rf3+ Kb4 49. Qf4+ Rd4 50. Qc1 $19 )47. Rf1 Rd2 (47... Qxh5 48. Rb1+ Kc4 49. Qf1+ Rd3 50. Qc1+ Kd5 51. Qc2 $11 )0-1

[Event "87th Tata Steel Masters 2025"]
[White "Gukesh,Dommaraju"]
[Black "Keymer,Vincent"]
[Site "Wijk aan Zee"]
[Round "5.6"]
[Annotator "TA"]
[Result "1-0"]
[Date "2025.01.22"]
[WhiteElo "2777"]
[BlackElo "2733"]
[PlyCount "143"]
[TimeControl "60"]

1. d4 Nf6 2. c4 e6 3. Nc3 Bb4 4. e3 O-O 5. Bd2 d5 6. Nf3 Nbd7 7. Qc2 c6 8. Be2 b6 9. O-O a5 10. a3 Bxc3 11. Bxc3 Ne4 12. Be1 Ba6 13. Bd3 h6 14. Bxe4 dxe4 15. Nd2 f5 16. f3 exf3 17. Nxf3 c5 18. Rd1 cxd4 19. Rxd4 (19. exd4 Rc8 20. d5 e5 $17 (20... Bxc4 21. dxe6 Bxf1 22. Qf2 $11 )(20... Rxc4 21. Bc3 $15 ))Qe8 20. Bg3 e5 21. Rd6 Rc8 22. Rfd1 f4 (22... Rxc4 $6 23. Qd2 Bc8 24. Qd5+ (24. Rxd7 Qxd7 25. Qxd7 Bxd7 $16 )Qf7 25. Qxf7+ (25. Rxd7 Bxd7 26. Qxf7+ Rxf7 $11 )(25. Bxe5 Qxd5 26. R1xd5 Nxe5 $11 )(25. Nxe5 Qxd5 26. R1xd5 Nxe5 $14 )Rxf7 26. Bxe5 $14 (26. Nxe5 Nxe5 27. Bxe5 Re7 $11 ))(22... Rf7 $11 {keeps the balance.} )23. exf4 $16 (23. Rxd7 fxg3 24. hxg3 Rxc4 $11 )exf4 24. Bf2 (24. Rxd7 fxg3 25. hxg3 Bb5 $17 )Rf7 25. R1d4 {[%emt 0:9:17] White has more active pieces.} (25. Bxb6 Nxb6 26. Rxb6 Bxc4 $17 )Bb7 26. Qd1 Bc6 27. b4 axb4 (27... Ne5 $2 28. Rd8 Rxd8 29. Rxd8 Nxc4 (29... Nxf3+ $2 30. gxf3 $18 )30. Rxe8+ $18 )28. axb4 Qe7 29. Qd3 Nf6 (29... Nf8 $14 )30. Rxf4 (30. b5 $16 Ba8 31. Rxb6 (31. Rxf4 Ne4 $16 ))Be4 (30... Ne8 $1 $11 31. Rxf7 Qxd6 )31. Qd4 Bxf3 32. Rxf3 Qe2 33. Rd8+ $1 (33. Rxb6 $2 Rd7 34. Re3 (34. Rd6 $2 Rxc4 35. Kh1 Rxd4 $19 )Qxf2+ (34... Qxc4 35. Qxc4+ Rxc4 36. h3 $11 )35. Kxf2 Rxd4 $19 )(33. Qxb6 $6 Rxc4 34. Qe3 Qxe3 35. Bxe3 Rxb4 $11 )Rxd8 34. Qxd8+ Rf8 35. Qd3 (35. Qxb6 $2 Qd1+ $19 (35... Qxc4 36. h3 $16 ))Qxd3 36. Rxd3 {[%emt 0:0:2][%mdl 4096] Endgame KRB-KRN. White is a pawn up.} Rc8 37. Rd4 ({Don't take} 37. Bxb6 Rxc4 38. Rb3 Nd5 $16 )Kf7 38. Kf1 Ra8 39. Ke2 Ra4 40. Be1 Ke6 41. Bd2 h5 42. Kd3 Ng4 43. Kc3 Nf6 (43... Nxh2 $142 44. Kb3 Ra8 )44. Kb3 $18 Ra1 45. Bc3 Rb1+ 46. Kc2 Rf1 47. Rd2 Ne8 48. Kb3 g6 49. Bd4 Rb1+ 50. Ka4 Rc1 51. Bxb6 Rxc4 52. Kb5 Rc1 53. Bc5 {[%emt 0:0:10] Prevents Nd6+.} Nf6 $2 (53... Nc7+ 54. Ka4 (54. Kc6 Na6 $18 )Ra1+ 55. Kb3 Rb1+ 56. Ka2 Re1 )54. Rd6+ Kf5 $2 (54... Ke5 55. Rc6 Rd1 )55. Kc6 Ng4 56. Rd2 ({Less strong is} 56. b5 Ne5+ 57. Kd5 Rb1 $16 )Ke6 57. Rd6+ Kf5 58. b5 (58. Rd5+ $142 Kf4 59. b5 )Ne5+ 59. Kd5 Nd3 {[%emt 0:0:7] [#]} 60. Rc6 $1 Nf4+ 61. Kd6 Rd1+ 62. Kc7 Nd5+ 63. Kc8 {[%emt 0:0:56] aiming for b6.} Rc1 (63... Rd2 $142 64. Rd6 Ke5 )64. Kd7 Rc2 65. Bd6 Rxg2 {[%emt 0:0:42] [#]} 66. Rc5 $1 Ke4 67. Ke6 Rd2 68. h4 Nb6 $2 (68... Rd4 69. Rc6 Rd2 )69. Rc6 Nd5 70. b6 Nxb6 71. Rxb6 Kf3 72. Be7 1-0

[Event "87th Tata Steel Masters 2025"]
[White "Giri,Anish"]
[Black "Sarana,Alexey"]
[Site "Wijk aan Zee"]
[Round "5.7"]
[Annotator "TA"]
[Result "1/2-1/2"]
[Date "2025.01.22"]
[WhiteElo "2731"]
[BlackElo "2677"]
[PlyCount "85"]
[TimeControl "60"]

1. e4 e5 2. Nf3 Nc6 3. Bc4 Nf6 4. d3 Be7 5. Nc3 d6 6. a4 Bg4 7. h3 Bxf3 8. Qxf3 Nd4 9. Qd1 c6 10. Ba2 Ne6 11. O-O O-O 12. Re1 Qc7 13. Be3 a5 14. Qf3 Rad8 15. Rab1 Nd7 16. h4 Nd4 17. Bxd4 exd4 18. Ne2 Bxh4 19. Nxd4 Bf6 20. Nf5 g6 21. Qg3 Be5 22. f4 Bg7 23. Nxg7 Kxg7 24. d4 Nf6 25. c3 h5 26. Re2 Ng4 27. Rbe1 Rfe8 28. f5 Qe7 29. Rf1 {[%emt 0:0:37] next fxg6 is good for White.} (29. Qf4 {feels hotter.} Qh4 30. g3 Qf6 31. Rf1 )Qg5 {[%emt 0:4:17] [#]} 30. f6+ $1 Kh6 31. Bxf7 Rf8 32. Be6 Rxf6 33. Rxf6 Nxf6 34. Qxg5+ Kxg5 $11 {[%emt 0:0:7][%mdl 4096] Endgame KRB-KRN} 35. e5 Nd5 36. g3 {[%emt 0:0:52] Wards off Nf4} dxe5 37. Rxe5+ Kf6 38. Bh3 Kf7 39. Bg2 b6 40. Bf3 Kf6 41. Kf2 Ne7 42. g4 hxg4 43. Bxg4 1/2-1/2

[Event "87th Tata Steel Masters 2025"]
[White "Erigaisi,Arjun Kumar"]
[Black "Caruana,Fabiano"]
[Site "Wijk aan Zee"]
[Round "6.1"]
[Annotator "TA"]
[Result "1/2-1/2"]
[Date "2025.01.24"]
[WhiteElo "2801"]
[BlackElo "2803"]
[PlyCount "60"]
[TimeControl "60"]

1. e4 e5 2. Nf3 Nc6 3. Bb5 Nf6 4. O-O Nxe4 5. Re1 Nd6 6. Nxe5 Be7 7. Bf1 Nxe5 8. Rxe5 O-O 9. d4 Bf6 10. Re1 {[%emt 0:0:9] The position is equal.} Re8 {[%emt 0:0:6] 10...Re8 is better than 10...Nf5. C67: Ruy Lopez: Berlin Defence: 4 0-0 Nxe4.} 11. Rxe8+ Nxe8 12. c3 d5 13. Bd3 g6 14. Nd2 {[%emt 0:1:4] Not much happening anymore} c6 {[%emt 0:3:1] The position is symmetric and equal} 15. Nf3 Ng7 16. Bf4 Bf5 17. Bxf5 Nxf5 18. Qd2 Qf8 19. Re1 Re8 20. Rxe8 Qxe8 21. Qe1 Qxe1+ 22. Nxe1 $11 {[%emt 0:0:6][%mdl 4096] Endgame KBN-KBN} Ng7 $146 (22... Be7 23. Nd3 Ng7 24. g4 Ne6 25. Bb8 {½-½ Zubov,A (2607)-Bacrot,E (2711) EU-ch 16th Jerusalem 2015 (3)} )23. Kf1 Ne6 24. Be3 h5 25. Ke2 Kf8 26. Nd3 Ke7 27. Ne1 Bg7 28. Nd3 Bf6 29. Ne1 Bg7 30. Nd3 Bf6 {[%emt 0:0:13] An uneventful encounter.   Weighted Error Value: White=0.02 (flawless) /Black=0.02 (flawless)   OK:         	White=9     	Black=5} 1/2-1/2

[Event "87th Tata Steel Masters 2025"]
[White "Keymer,Vincent"]
[Black "Giri,Anish"]
[Site "Wijk aan Zee"]
[Round "6.2"]
[Annotator "TA"]
[Result "1/2-1/2"]
[Date "2025.01.24"]
[WhiteElo "2733"]
[BlackElo "2731"]
[PlyCount "107"]
[TimeControl "60"]

1. d4 Nf6 2. c4 g6 3. g3 c6 4. Bg2 d5 5. Qb3 Bg7 6. Nc3 O-O 7. Nf3 Qb6 8. O-O Rd8 9. h3 {[%emt 0:4:16] D78: Fianchetto Grünfeld: 6 0-0 c6.} Be6 10. c5 Qxb3 11. axb3 Ne4 12. Bf4 Nd7 13. g4 h6 14. Ra4 $146 (14. e3 g5 15. Bc7 Rdc8 16. Bh2 f5 17. gxf5 Bxf5 18. Ra4 a6 19. Rd1 Rd8 20. Ne1 {1-0 Jumabayev,R (2490)-Vokarev,S (2542) Khanty-Mansiysk Governor Cup 2008 (9)} )g5 15. Bc7 Rdc8 16. Bh2 f5 17. gxf5 Bxf5 18. Rfa1 a6 19. Rb4 Nxc3 20. bxc3 Ra7 21. Ra5 Be4 22. h4 g4 {[%emt 0:1:29] Repels Bh3} 23. Ne1 Bf5 24. Ra2 h5 25. Rba4 e5 26. e3 Re8 27. Bf1 Nf8 28. Ng2 Ng6 29. b4 Bd7 30. Bd3 Kf7 31. Bxg6+ Kxg6 32. Bxe5 Bxe5 33. dxe5 Rxe5 34. Rd2 Be8 35. Ra1 Bf7 36. Nf4+ Kf6 37. Rd4 Ra8 38. Ne2 Ke7 39. Kf1 Bg6 40. Ng3 Rf8 41. Rf4 Rf6 42. Rd1 Kf7 43. Rdd4 Re8 44. Ne2 Be4 45. c4 Rxf4 46. Nxf4 $11 {[%emt 0:0:7][%cal Rc4d5][%mdl 4096] Endgame KRB-KRN} Re5 47. Ke1 Kf6 48. Kd2 Rf5 {[%emt 0:0:32] The position is equal.} 49. Kc3 Ke5 50. cxd5 cxd5 51. Rd2 Bh1 52. Rd4 Be4 53. Rd1 Bf3 54. Rd4 {[%emt 0:2:27] Weighted Error Value: White=0.05 (flawless) /Black=0.05 (flawless)   Inaccurate:     	White=3     	Black=3      OK:         	White=16    	Black=26} 1/2-1/2

[Event "87th Tata Steel Masters 2025"]
[White "Sarana,Alexey"]
[Black "Fedoseev,Vladimir"]
[Site "Wijk aan Zee"]
[Round "6.3"]
[Annotator "TA"]
[Result "1-0"]
[Date "2025.01.24"]
[WhiteElo "2677"]
[BlackElo "2717"]
[PlyCount "89"]
[TimeControl "60"]

1. d4 d5 2. c4 e6 3. Nc3 Be7 4. cxd5 exd5 5. Bf4 c6 6. Qc2 {[%emt 0:0:17] D31: Queen's Gambit Declined: Semi-Slav without ...Nf6 (+ Marshall Gambit and Noteboom) and Exchange Variation lines without ...Nf6.} Nf6 7. h3 Qa5 {[%emt 0:6:31] was the old line (7...g6).} 8. e3 {[%emt 0:19:18] White is slightly better.} Ne4 9. Bd3 Na6 $146 (9... Bf5 10. Nf3 Nxc3 11. bxc3 Bxd3 12. Qxd3 Qa6 13. Ke2 Qxd3+ 14. Kxd3 Nd7 15. a4 b6 {½-½ Korobov,A (2652)-Bacrot,E (2725) Wch Blitz Riadh 2017 (5)} )10. Qa4 {[%emt 0:1:55] Repels Nb4} Qb6 11. Qb3 (11. Nxd5 Qxb2 12. Bxe4 Qxa1+ 13. Ke2 Bd8 $17 )Bf5 12. Bxe4 dxe4 13. Nge2 Nb4 14. O-O O-O 15. Qd1 Bg6 16. Bg3 f5 17. Nf4 Bf7 18. a3 Na6 19. b4 Qd8 20. d5 Qc8 (20... Nc7 $11 )21. Rc1 $14 {[%emt 0:2:35] Black must now prevent dxc6.} Rd8 22. Qa4 $1 c5 {[%emt 0:1:12][%cal Rc5b4] NOTEXT-51077 White (d5)} 23. Rfd1 $1 {[%emt 0:1:15] White is more active. White now steadily converts the win.} cxb4 24. Nb5 Bc5 (24... Nc5 $16 25. Qxb4 Bf8 )25. axb4 $18 Nxb4 26. Bh4 $36 {[%emt 0:1:1][%mdl 2048] White has strong initiative.} Rd7 {[%emt 0:6:8][%cal Yb7b6] [#]} 27. Nxa7 $1 Qe8 (27... Rxa7 $2 28. Qxa7 Na6 29. Qb6 $18 )(27... b6 28. Nxc8 )28. Rxc5 Na6 (28... b6 $142 29. Rc8 Qxc8 )29. Rcc1 Rxa7 {[%emt 0:0:13] Black is weak on the dark squares} 30. d6 h6 31. Be7 b5 $2 (31... Rxe7 $2 32. d7 $18 (32. Qd4 b6 $18 ))(31... b6 {was called for.} 32. Qc6 Rab7 )32. Qxb5 Rxe7 {[%emt 0:0:5] [#]} 33. Qxe8+ (33. Qxf5 Re5 34. Qc8 Qxc8 35. Rxc8+ Re8 36. Rxe8+ (36. d7 $2 Rxd7 37. Rxe8+ Bxe8 $19 )Bxe8 $14 )Rxe8 34. d7 Nc7 (34... Rd8 $2 35. Rc8 $18 )35. d8=Q ({Not} 35. d8=B Ne6 36. Nxe6 Bxe6 $14 )Rxd8 36. Rxd8+ Ne8 37. h4 Kh7 38. Ne6 Kg6 39. Nf4+ $2 ({White should try} 39. Nd4 $18 )Kf6 $2 (39... Kh7 $11 40. h5 Nf6 )40. Rcc8 g5 (40... Ke7 $142 41. Ra8 Rxa8 42. Rxa8 Kf6 )41. hxg5+ {[%emt 0:50:26] White is clearly winning.} hxg5 42. Nd5+ Bxd5 43. Rxd5 Ke6 44. Rcc5 (44. Rxe8+ Kxd5 45. g4 f4 $14 )Nd6 {[%emt 0:0:0] [#]} 45. g4 $1 {[%emt 0:0:0] Weighted Error Value: White=0.16 (very precise) /Black=0.39  Loses game:     	---       	Black=1      Missed win:     	White=1     	---        Mistake:       	---       	Black=5      Inaccurate:     	White=1     	Black=1      OK:         	White=20    	Black=11     Best:        	White=6     	Black=4      Strong:       	White=2     	---} 1-0

[Event "87th Tata Steel Masters 2025"]
[White "Abdusattorov,Nodirbek"]
[Black "Gukesh,Dommaraju"]
[Site "Wijk aan Zee"]
[Round "6.4"]
[Annotator "TA"]
[Result "1/2-1/2"]
[Date "2025.01.24"]
[WhiteElo "2768"]
[BlackElo "2777"]
[PlyCount "131"]
[TimeControl "60"]

1. e4 e5 2. Nf3 Nc6 3. Bc4 Bc5 4. a4 Nf6 5. d3 d6 6. a5 {[%emt 0:0:32] C50: Hungarian Defence and Giuoco Pianissimo.} Bb4+ 7. Bd2 Bxd2+ 8. Nbxd2 O-O 9. O-O Ne7 $146 (9... Bd7 10. c3 b6 11. b4 Ne7 12. Re1 Ng6 13. d4 c5 14. Bf1 Qc7 15. Qb3 b5 16. dxc5 dxc5 {½-½ Nepomniachtchi,I (2771)-Giri,A (2752) Saint Louis Rapid 2023 (2)} )10. c3 Ng6 11. Re1 h6 12. d4 Nh7 13. Re3 Ng5 14. Nxg5 Qxg5 15. g3 Bg4 {[%emt 0:18:51] [#]} 16. h4 $1 Qh5 (16... Qxe3 $2 17. Qc2 $18 (17. Qxg4 $2 Qxd2 18. Rd1 Qxb2 $19 )(17. Qc1 b5 $18 ))17. Qb3 Rab8 18. Nf1 Ne7 19. Nh2 Bd7 20. Be2 Qg6 21. dxe5 dxe5 22. Rd1 Be6 23. Qb5 Nc6 24. a6 Bc8 25. h5 Qf6 26. Rf3 Qe6 27. Bc4 Qe7 28. Qa4 {[%emt 0:9:53] White is much more active. The black rooks are passive.} (28. Rfd3 $16 )Nd8 $11 29. axb7 Bxb7 30. Re3 Bc6 31. Qa2 (31. Qxa7 $2 Ra8 $19 (31... Rxb2 32. Nf3 $11 ))Nb7 32. b4 (32. Qxa7 $2 Ra8 $19 )Nd6 33. Bd5 Bxd5 34. Rxd5 {[%emt 0:0:10][%cal Yh2f3] Nf3! is in the air} Qe6 35. Re2 c6 (35... Rfc8 $11 )36. Ra5 (36. Rc5 $16 )Qxa2 37. Raxa2 Rfc8 38. Ng4 c5 39. bxc5 (39. Rxa7 Nb5 40. Ra5 Nxc3 $15 )Rxc5 40. Rxa7 Rxc3 (40... Rbc8 $11 )41. Rd7 Ne8 42. Nxe5 Nf6 43. Re7 (43. Rxf7 Re8 44. Rxf6 gxf6 $11 )Rb4 44. g4 (44. Rxf7 $6 Rxe4 45. Rxe4 Nxe4 $11 )Rc5 45. f3 (45. Nxf7 Kf8 46. Ra7 Rxe4 47. Rxe4 Nxe4 $16 )Kf8 (45... Rb3 $16 )46. Rxf7+ $18 Ke8 47. Nd3 $1 (47. f4 Nxh5 (47... Rxe4 $2 48. Rxe4 Nxe4 49. Rxg7 $18 )(47... Rxe5 48. Rxf6 Rexe4 49. Rxe4+ Rxe4 50. Rf5 $11 )48. gxh5 Rxe5 $11 )Rb1+ 48. Kg2 Rc3 49. Ne5 Rb5 {[%emt 0:1:28] [#]} 50. Rxg7 $1 Rxe5 51. Ra2 Kf8 52. Rg6 Nxe4 {[%emt 0:6:16] [#]} 53. Re2 $1 (53. fxe4 Rxe4 54. Kh2 (54. Rxh6 Rxg4+ 55. Kf2 Kg7 $11 )Kf7 $14 )Rg5 {[%emt 0:0:1] [#]} 54. Rxh6 (54. Rxe4 Rxg6 55. hxg6 Rc6 $14 )Nc5 55. Rc6 Na4 56. Ra6 Nc5 57. Ra8+ Kf7 58. Ra7+ Kf6 59. Re8 (59. h6 $18 {Intending h7 and mate.} Rg8 60. Rc7 )Ne6 $11 {The position is equal.} 60. h6 Re5 $1 {Threatens to win with ...Nf4+.} 61. Ra6 Rc2+ 62. Kf1 $132 {[%mdl 2048] White is not holding back} Rc1+ 63. Kf2 $1 Rc2+ 64. Kf1 ({But not} 64. Kg3 Ree2 65. Raxe6+ Rxe6 66. g5+ Kf7 $15 )Rc1+ 65. Kf2 $1 {Black must now prevent h7.} Rc2+ 66. Kf1 {Black defended with fortune.   Weighted Error Value: White=0.10 (very precise) /Black=0.11 (very precise)   Missed win:     	White=1     	---        Mistake:       	White=2     	Black=3      Inaccurate:     	---       	Black=4      OK:         	White=30    	Black=20     Best:        	White=4     	Black=6      Strong:       	White=4     	Black=1} 1/2-1/2

[Event "87th Tata Steel Masters 2025"]
[White "Praggnanandhaa,Rameshbabu"]
[Black "Wei,Yi"]
[Site "Wijk aan Zee"]
[Round "6.5"]
[Annotator "TA"]
[Result "1/2-1/2"]
[Date "2025.01.24"]
[WhiteElo "2741"]
[BlackElo "2751"]
[PlyCount "115"]
[TimeControl "60"]

1. e4 e5 2. Nf3 Nc6 3. Bb5 a6 4. Ba4 Nf6 5. O-O Nxe4 6. d4 b5 7. Bb3 d5 8. dxe5 Be6 9. c3 Be7 10. Re1 O-O 11. h3 {[%emt 0:1:14] C83: Open Ruy Lopez: 9 c3 Be7.} Qd7 12. Be3 Na5 $146 (12... Rad8 13. Nbd2 Nc5 14. Bc2 Bf5 15. Nb3 Bxc2 16. Qxc2 Ne6 17. a4 Qc8 18. axb5 axb5 {1-0 Kamsky,G (2663)-Csonka,B (2494) Titled Tuesday intern op 28th Mar Early blitz 2023 (6)} )13. Nbd2 Nxb3 14. axb3 c5 15. Nxe4 dxe4 16. Qxd7 Bxd7 17. Nd2 Bc6 18. Bf4 $1 f5 19. exf6 Rxf6 20. Bg5 Re6 21. Bxe7 Rxe7 22. b4 cxb4 23. cxb4 Bd5 24. Nf1 Kf7 25. Ne3 Be6 26. Red1 Rd7 27. Rxd7+ Bxd7 $11 {[%emt 0:0:5][%mdl 4096] Endgame KRB-KRN} 28. Rd1 Ke6 29. Kh2 Rf8 30. Kg3 Bc6 31. Rc1 Kd6 32. Rc5 Bd7 {[%emt 0:0:7] Inhibits Nf5+.} 33. Rg5 Rf7 34. Rd5+ Ke6 35. Rd1 Ke5 36. Rc1 Rf6 37. Rc5+ Kd6 38. Rd5+ Ke6 39. Rd4 Bc6 40. Rd8 Rg6+ {[%emt 0:0:37] The position is equal.} 41. Kh2 Rf6 42. Kg1 Rf7 43. Rc8 Bb7 44. Rb8 Kd6 45. h4 g6 46. Rg8 Ke7 47. g4 Bc6 48. Kg2 Kd6 49. Rc8 Kd7 50. Rh8 Kc7 51. Kg1 Kd7 52. Kf1 Kc7 53. Rg8 Kd7 54. Ke2 Kc7 55. h5 gxh5 56. gxh5 Kd6 57. h6 Ke5 58. Rg5+ {[%emt 0:5:23] Weighted Error Value: White=0.04 (flawless) /Black=0.04 (flawless)   Inaccurate:     	White=1     	Black=1      OK:         	White=14    	Black=22     Best:        	White=2     	---        Strong:       	White=1     	---} 1/2-1/2